 Dungeon Crawl Stone Soup version 0.29.1-13-g9f3cf754e1 (webtiles) character file.

Game seed: 1542032447562935587

126 Saba the Shooter (level 5, -1/33 HPs)
             Began as a Gargoyle Hunter on Feb 4, 2023.
             Slain by Robin
             ... wielding a +0 spear
              (3 damage)
             ... on level 2 of the Dungeon.
             The game lasted 00:03:51 (1753 turns).

Saba the Shooter (Gargoyle Hunter)                  Turns: 1753, Time: 00:03:52

Health: -1/33      AC: 10    Str: 14    XL:     5   Next: 10%
Magic:  5/5        EV: 12    Int: 10    God:
Gold:   83         SH:  0    Dex: 15    Spells: 4/4 levels left

rFire   . . .      SeeInvis .   a - +0 shortbow
rCold   . . .      Faith    .   (shield currently unavailable)
rNeg    + . .      Spirit   .   o - +2 robe {Archmagi}
rPois   ∞          Reflect  .   j - +0 helmet
rElec   +          Harm     .   (no cloak)
rCorr   .          Rampage  .   c - +0 pair of gloves
Will    .....      Archmagi +   (no boots)
Stlth   ++........              (no amulet)
HPRegen 0.11/turn               (no ring)
MPRegen 0.09/turn               (no ring)

@: brilliant, attractive, hasted, very quick
A: sickness immunity, AC +4, negative energy resistance 1, electricity
resistance, torment resistance 1, petrification resistance
a: no special abilities


You were on level 2 of the Dungeon.
You visited 1 branch of the dungeon, and saw 4 of its levels.

You collected 83 gold pieces.

Inventory:

Hand Weapons
 a - a +0 shortbow (weapon)
 s - a +0 sling
Armour
 c - a +0 pair of gloves (worn)
 j - a +0 helmet (worn)
 o - a +2 robe of the Archmagi (worn)
 q - a +0 kite shield
Jewellery
 i - a ring of resist corrosion
Wands
 p - a wand of flame (8)
Scrolls
 b - a scroll of immolation
 e - a scroll of magic mapping {unknown}
 f - 2 scrolls of identify
 g - a scroll of vulnerability
 l - a scroll of enchant weapon {unknown}


   Skills:
 + Level 3.6 Fighting
 * Level 5.6 Ranged Weapons
 - Level 1.5 Dodging
 - Level 1.1 Stealth


You had 4 spell levels left.
You didn't know any spells.
Your spell library contained the following spells:

 Spells                   Type           Power      Damage    Failure   Level
 Sandblast                Erth           0%         2d4       36%         1
 Passwall                 Tmut/Erth      0%         N/A       50%         2
 Stone Arrow              Conj/Erth      0%         3d7       75%         3


Dungeon Overview and Level Annotations

Branches:
Dungeon (4/15)
 Temple: D:4-7

Altars:

Annotations:
D:2 Robin


Innate Abilities, Weirdness & Mutations

You are immune to sickness and miasma.
Your stone body is resilient. (AC +4)
You are immune to poison.
You resist negative energy. (rN+)
You are resistant to electric shocks. (rElec)
You are resistant to unholy torment.
You are immune to petrification.


Message History

The goblin hits you with a +0 club.
* * * LOW HITPOINT WARNING * * *
You have reached level 5!
Fire: a) +0 shortbow
Press: ? - help, Q - select action, (/) - cycle Shift-Dir - straight line, f/p - Robin
Aim: Robin, wielding a +0 spear, wearing a +0 animal skin and wearing a +0 helmet (69% to hit)
You shoot an arrow. The arrow hits the hobgoblin.
The hobgoblin is lightly wounded.
The goblin hits you with a +0 club.
* * * LOW HITPOINT WARNING * * *
The hobgoblin hits you but does no damage.
Fire: a) +0 shortbow
Press: ? - help, Q - select action, (/) - cycle Shift-Dir - straight line, f/p - Robin
Aim: Robin, wielding a +0 spear, wearing a +0 animal skin and wearing a +0 helmet (69% to hit)
You shoot an arrow. The arrow barely misses the hobgoblin.
The arrow hits Robin.
Robin is moderately wounded.
The hobgoblin hits you but does no damage.
Robin says, "Bow before me, strongest of all the hobgoblins!"
Robin closely misses you. The goblin hits you with a +0 club.
* * * LOW HITPOINT WARNING * * *
Fire: a) +0 shortbow
Press: ? - help, Q - select action, (/) - cycle Shift-Dir - straight line, f/p - Robin
Aim: Robin, wielding a +0 spear, wearing a +0 animal skin and wearing a +0 helmet (moderately wounded, 69% to hit)
You shoot an arrow. The arrow hits the hobgoblin!
You kill the hobgoblin!
Robin is attracted toward you.
Fire: a) +0 shortbow
Press: ? - help, Q - select action, (/) - cycle Shift-Dir - straight line, f/p - Robin
Aim: Robin, wielding a +0 spear, wearing a +0 animal skin and wearing a +0 helmet (moderately wounded, 69% to hit)
You shoot an arrow. The arrow hits Robin!
Robin is almost dead.
Robin hits you but does no damage. The goblin hits you but does no damage.
Fire: a) +0 shortbow
Press: ? - help, Q - select action, (/) - cycle Shift-Dir - straight line, f/p - Robin
Aim: Robin, wielding a +0 spear, wearing a +0 animal skin and wearing a +0 helmet (almost dead, 69% to hit)
You shoot an arrow. The arrow closely misses Robin.
The arrow hits the goblin!
You kill the goblin!
Robin hits you with a +0 spear.
You die...

##......... ......
#.......... .....
#.......... ..).
#.......... ..g
#..'########+ .g
#..#........# #)
##.#.'####+.#...#)#
#g#.#....#.#...#..
#@#.#.##.#.#...#..
##g#.#.##.#.#...##.
#§)#.#....#.#.. #.
#..#.'####'.#[#####
#..#........#......
#..'########'......
#.....g........##..
#...##.............
#...##.............


You could see Robin and a goblin (strong).

Vanquished Creatures
  Natasha (twice) (D:2)
  4 adders
  3 ball pythons
  4 endoplasms
  2 giant cockroaches (D:2)
  11 goblins
  4 hobgoblins
  6 kobolds
  2 bats
  A frilled lizard (D:1)
  A rat (D:1)
40 creatures vanquished.

Notes
Turn   | Place    | Note
-------+----------+-------------------------------------------
     0 | D:1      | Saba the Gargoyle Hunter began the quest for the Orb.
     0 | D:1      | Reached XP level 1. HP: 12/12 MP: 1/1
   113 | D:1      | Reached XP level 2. HP: 18/18 MP: 2/2
   278 | D:1      | Found a faded altar of an unknown god.
  1055 | D:2      | Reached XP level 3. HP: 22/22 MP: 3/3
  1195 | D:2      | You fall into a shaft and drop 2 floors!
  1314 | D:4      | Identified the +0 robe "Iharerrane" {-Tele rElec rC+ Str+3}
  1363 | D:3      | Reached skill level 5 in Ranged Weapons
  1379 | D:2      | Noticed Natasha
  1387 | D:2      | Killed Natasha
  1388 | D:2      | Reached XP level 4. HP: 20/28 MP: 4/4
  1696 | D:2      | Noticed Robin
  1697 | D:2      | Noticed Natasha
  1748 | D:2      | Killed Natasha
  1749 | D:2      | Reached XP level 5. HP: 6/32 MP: 5/5
  1753 | D:2      | Slain by Robin

Illustrated notes

Levels and vault maps discovered:
D:1:      dpeg_arrival_houses_and_road, layout_basic,
          ebering_ecumenical_altar_hall, minmay_misc_feat_square,
          nicolae_concentric_dashed_squares_mild
D:2:      layout_basic, minivault_11, kennysheep_generic_room_4, uniq_robin,
          uniq_natasha
D:3:      minmay_angry_zag, layout_loops_cross
D:4:      layout_layer_cave, nicolae_elyvilon_temple_path, serial_shops,
          nicolae_stop_n_shop_1, grunt_decor_resistance

Skill      XL: |  1  2  3 |
---------------+----------+-----
Fighting       | 3 |  3.6
Ranged Weapons | 5 |  5.6
Dodging        | |  1.5
Stealth        | |  1.1

Action                   |  1- 3 |  4- 6 || total
-------------------------+-------+-------++-------
 Fire: Shortbow          |    79 |    45 ||   124
  Use: Potion            |       |     8 ||     8
       Scroll            |       |     2 ||     2
Armor: Leather armour    |     6 |       ||     6
       Scale mail        |     6 |       ||     6
       Robe              |    11 |    45 ||    56
Dodge: Dodged            |    32 |    53 ||    85
